 Dungeon Crawl Stone Soup version 0.20.1-1-g8b1a95d (console) character file.

17 vuolankoinen the Magician (level 2, -2/18 HPs)
             Began as an Octopode Wizard on Nov 18, 2017.
             Slain by a gnoll
             ... wielding a +0 spear
              (5 damage)
             ... on level 1 of the Dungeon on Nov 20, 2017.
             The game lasted 00:04:56 (1099 turns).

vuolankoinen the Magician (Octopode Wizard)         Turns: 1099, Time: 00:04:58

Health: -2/18      AC:  1    Str:  6    XL:     2   Next: 62%
Magic:  2/6        EV: 13    Int: 20    God:
Gold:   38         SH:  0    Dex: 10    Spells: 6/7 levels left

rFire    . . .     SeeInvis .   d - +0 dagger
rCold    . . .     Gourm    .   (no shield)
rNeg     . . .     Faith    .   a - +0 hat
rPois    .         Spirit   .   (no amulet)
rElec    .         Reflect  .   (no ring)
rCorr    .         Harm     .   (no ring)
MR       .....                  (no ring)
Stlth    +++.......             (no ring)
Regen    0.1/turn               (no ring)
MPRegen  0.1/turn               (no ring)
                                (no ring)
                                (no ring)

@: no status effects
A: almost no armour, stealthy swim, amphibious, 8 rings, constrict 8, camouflage
1, gelatinous body 1
a: no special abilities


You were on level 1 of the Dungeon.
You were hungry.

You visited 1 branch of the dungeon, and saw 1 of its levels.

You collected 38 gold pieces.

Inventory:

Hand Weapons
 d - a +0 dagger (weapon)
Armour
 a - a +0 hat (worn)
Jewellery
 k - an uncursed amulet of guardian spirit {unknown}
Scrolls
 e - a scroll of random uselessness {unknown}
 f - a scroll of identify {unknown}
 g - a scroll of immolation {unknown}
Potions
 j - a potion of heal wounds {unknown}
 l - a potion of resistance {unknown}
Books
 b - a book of Minor Magic

   Spells                             Type                      Level
   a - Magic Dart                     Conjuration                  1
   b - Blink                          Translocation                2
   c - Call Imp                       Summoning                    2
   d - Slow                           Hexes                        2
   e - Conjure Flame                  Conjuration/Fire             3
   f - Mephitic Cloud                 Conjuration/Poison/Air       3
Comestibles
 c - a bread ration
 h - a royal jelly
 i - a meat ration


   Skills:
 * Level 0.6 Fighting
 + Level 2.2 Dodging
 + Level 2.8 Stealth
 + Level 3.4 Spellcasting
 + Level 1.1 Conjurations
   Level 1.0 Summonings
   Level 1.0 Translocations


You had 6 spell levels left.
You knew the following spells:

 Your Spells              Type           Power        Failure   Level  Hunger
a - Magic Dart            Conj           #...         9%          1    None


Dungeon Overview and Level Annotations

Branches:
Dungeon (1/15)

Altars:


Innate Abilities, Weirdness & Mutations

You cannot wear most types of armour.
You are very stealthy in the water. (Stealth+)
You are amphibious.
You can wear up to eight rings at the same time.
You can use your tentacles to constrict eight enemies at once.
Your skin changes colour to match your surroundings (Stealth+).
Your rubbery body absorbs attacks. (AC +1, EV +1)


Message History

Aiming: Magic Dart
Press: ? - help, Shift-Dir - straight line, f/p - gnoll
Aim: a gnoll, wielding a spear (heavily wounded, constricted by you)
The magic dart hits the gnoll.
The gnoll is heavily wounded.
You constrict the gnoll. The gnoll misses you.
Casting: Magic Dart
Confirm with . or Enter, or press ? or * to list all spells.
Aiming: Magic Dart
Press: ? - help, Shift-Dir - straight line, f/p - gnoll
Aim: a gnoll, wielding a spear (heavily wounded, constricted by you)
The magic dart hits the gnoll.
The gnoll is severely wounded.
You constrict the gnoll. The gnoll closely misses you.
You release your grip on the gnoll.
The gnoll misses you.
You are feeling hungry.
There is a stone staircase leading down here.
The gnoll hits you from afar with a spear.
You die...

#...#..########### #...........
..#..............#####...........
#..[#†(..........+...............
##.##†...........#######'########
.................# ###'##
#...#......[.....# #....#
.................#####....#
##############'#..........#######
#....#.#@.........'......
#....#'#...###....#######
#........g...######
####.....#g..# #.....##..#
####### #.....##..# #.....#
#.........# #.....#
#....###g.#####.....#
#.............+.....#


You could see a gnoll and a hobgoblin.

Vanquished Creatures
  A dart slug (D:1)
  A leopard gecko (D:1)
  A goblin (D:1)
  A hobgoblin (D:1)
  2 jackals (D:1)
  A kobold (D:1)
  A ball python (D:1)
  4 bats (D:1)
  A frilled lizard (D:1)
  2 rats (D:1)
15 creatures vanquished.

Notes
Turn   | Place    | Note
-------+----------+-------------------------------------------
     0 | D:1      | vuolankoinen the Octopode Wizard began the quest for the Orb.
     0 | D:1      | Reached XP level 1. HP: 11/11 MP: 4/4
   230 | D:1      | Reached XP level 2. HP: 13/17 MP: 6/6
  1099 | D:1      | Slain by a gnoll

Action                   || total
-------------------------++-------
Melee: Dagger            ||    38
       Constrict         ||    11
       Tentacles         ||     2
 Cast: Magic Dart        ||    19
 Stab: Sleeping          ||     3
Armor: Skin              ||     4
Dodge: Dodged            ||    40
